| TOP OF THE 1ST |
|
Binghamton Mets batting - Pitching for Atlanta (MID) Braves : RHP Jeremy Kasten
|
|
Pitching: RHP Jeremy Kasten
|
|
|
Batting: RHB Oscar Bravo
|
0-0: Ball 1-0: SINGLE (Line Drive, 4MD, EV 101.9 MPH)
|
|
Batting: RHB Jack Nickleberry
|
0-0: Ball 1-0: SINGLE (Line Drive, 5L, EV 94.4 MPH) Oscar Bravo to second
|
|
Batting: RHB Jose Lara
|
0-0: Ball 1-0: Called Strike 1-1: Fielders Choice at 2nd, 4-6 (Groundball, 4, EV 86.2 MPH) Oscar Bravo to third
|
|
Now at 3B: Ian Arlotta
|
|
|
Now at SS: Joe Young
|
|
|
Batting: SHB Masatoshi Akahoshi
|
0-0: Ball 1-0: Ball 2-0: Ball 3-0: Base on Balls Jose Lara to second
|
|
Batting: SHB Alex Cavazos
|
0-0: Called Strike 0-1: Ball 1-1: Called Strike 1-2: Foul Ball, location: 2F 1-2: SINGLE (Line Drive, 6D, EV 106.2 MPH) Oscar Bravo scores Jose Lara to third Masatoshi Akahoshi to second
|
|
Batting: RHB Chris Artz
|
0-0: Ball 1-0: Swinging Strike 1-1: Ball 2-1: Foul Ball, location: 2F 2-2: Ball 3-2: Strikes out looking
|
|
Batting: RHB Mike Hanks
|
0-0: Fielders Choice at 2nd, 6-4 (Groundball, 6, EV 83.1 MPH)
|
| Top of the 1st over - 1 run, 3 hits, 0 errors, 3 left on base; Binghamton 1 - Atlanta (MID) 0 |
| BOTTOM OF THE 1ST |
|
Atlanta (MID) Braves batting - Pitching for Binghamton Mets : RHP Felipe Hinojosa
|
|
Pitching: RHP Felipe Hinojosa
|
|
|
Batting: SHB Ian Arlotta
|
0-0: Swinging Strike 0-1: Called Strike 0-2: Ball 1-2: Strikes out swinging
|
|
Batting: RHB Joe Young
|
0-0: Ball 1-0: Foul Ball, location: 2F 1-1: Ball 2-1: Foul Ball, location: 2F 2-2: Foul Ball, location: 2F 2-2: Strikes out swinging
|
|
Batting: LHB Erik Gretzky
|
0-0: Called Strike 0-1: Swinging Strike 0-2: Fly out, F7 (Flyball, 7LMF, EV 100.0 MPH)
|
| Bottom of the 1st over - 0 runs, 0 hits, 0 errors, 0 left on base; Binghamton 1 - Atlanta (MID) 0 |
| TOP OF THE 2ND |
|
Binghamton Mets batting - Pitching for Atlanta (MID) Braves : RHP Jeremy Kasten
|
|
Batting: RHB Jim Freels
|
0-0: Ball 1-0: Foul Ball, location: 2F 1-1: Ball 2-1: Foul Ball, location: 2F 2-2: Foul Ball, location: 2F 2-2: Ball 3-2: Fly out, F4 (Popup, 23, EV 80.6 MPH)
|
|
Batting: RHB Brian Bonin
|
0-0: Called Strike 0-1: Ball 1-1: Swinging Strike 1-2: Ball 2-2: Strikes out swinging
|
|
Batting: RHB Oscar Bravo
|
0-0: Called Strike 0-1: Foul Ball, location: 2F 0-2: Strikes out looking
|
| Top of the 2nd over - 0 runs, 0 hits, 0 errors, 0 left on base; Binghamton 1 - Atlanta (MID) 0 |
| BOTTOM OF THE 2ND |
|
Atlanta (MID) Braves batting - Pitching for Binghamton Mets : RHP Felipe Hinojosa
|
|
Batting: LHB Ben Goldstein
|
0-0: Called Strike 0-1: Called Strike 0-2: DOUBLE (Groundball, 3L, EV 105.6 MPH)
|
|
Batting: RHB Jose Ramos
|
0-0: Called Strike 0-1: SINGLE (Line Drive, 7S, EV 95.0 MPH) Ben Goldstein to third
|
|
Batting: RHB Josh McCormick
|
0-0: Ball 1-0: Foul Ball, location: 2F 1-1: Ball 2-1: Foul Ball, location: 2F 2-2: Ball Wild Pitch! Ben Goldstein scores Jose Ramos to second 3-2: Base on Balls
|
|
Batting: RHB Toki Takeuchi
|
0-0: Ball 1-0: Called Strike Jose Ramos is caught stealing 3rd base 2-5 1-1: Ball 2-1: Ball Josh McCormick steals 2nd base 3-1: Base on Balls
|
|
Batting: RHB Badr al Din Ridha
|
0-0: Foul Ball, location: 2F 0-1: Swinging Strike 0-2: Ball 1-2: Foul Ball, location: 2F 1-2: Fielders Choice at 2nd, 4-6 (Groundball, 4, EV 105.6 MPH) Josh McCormick to third
|
|
Batting: RHB Ingidayehu Lagat
|
0-0: Ball Badr al Din Ridha is caught stealing 2nd base 2-4
|
| Bottom of the 2nd over - 1 run, 2 hits, 0 errors, 1 left on base; Binghamton 1 - Atlanta (MID) 1 |
| TOP OF THE 3RD |
|
Binghamton Mets batting - Pitching for Atlanta (MID) Braves : RHP Jeremy Kasten
|
|
Batting: RHB Jack Nickleberry
|
0-0: Ball 1-0: SINGLE (Groundball, 6MD, EV 106.2 MPH)
|
|
Batting: RHB Jose Lara
|
0-0: Fielders Choice at 2nd, 1-6 (Groundball, 34S, EV 67.5 MPH)
|
|
Batting: SHB Masatoshi Akahoshi
|
0-0: Ball 1-0: Swinging Strike 1-1: Ball 2-1: Ball 3-1: Base on Balls Jose Lara to second
|
|
Batting: SHB Alex Cavazos
|
0-0: Ball 1-0: Foul Ball, location: 2F 1-1: Foul Ball, location: 2F 1-2: Strikes out looking
|
|
Batting: RHB Chris Artz
|
0-0: Ball 1-0: Foul Ball, location: 2F 1-1: Ground out 6-3 (Groundball, 6S, EV 80.6 MPH)
|
| Top of the 3rd over - 0 runs, 1 hit, 0 errors, 2 left on base; Binghamton 1 - Atlanta (MID) 1 |
| BOTTOM OF THE 3RD |
|
Atlanta (MID) Braves batting - Pitching for Binghamton Mets : RHP Felipe Hinojosa
|
|
Batting: RHB Ingidayehu Lagat
|
0-0: Ball 1-0: Swinging Strike 1-1: Foul Ball, location: 2F 1-2: SINGLE (Groundball, 4MD, EV 107.5 MPH)
|
|
Batting: SHB Ian Arlotta
|
0-0: Swinging Strike 0-1: SINGLE (Line Drive, 34D, EV 96.9 MPH) Ingidayehu Lagat to second Runner from 2nd tries for 3rd, SAFE, throw by RF made to third
|
|
Batting: RHB Joe Young
|
0-0: Ball Ian Arlotta steals 2nd base 1-0: Foul Ball, location: 2F 1-1: Foul Ball, location: 2F 1-2: Ground out 4-3 (Groundball, 4, EV 101.2 MPH) Ingidayehu Lagat scores Ian Arlotta to third
|
|
Batting: LHB Erik Gretzky
|
0-0: Fly out, F8 (Flyball, 8LS, EV 84.4 MPH)
|
|
Batting: LHB Ben Goldstein
|
0-0: Ball 1-0: Called Strike 1-1: Ball 2-1: Ground out 4-3 (Groundball, 4, EV 82.5 MPH)
|
| Bottom of the 3rd over - 1 run, 2 hits, 0 errors, 1 left on base; Binghamton 1 - Atlanta (MID) 2 |
| TOP OF THE 4TH |
|
Binghamton Mets batting - Pitching for Atlanta (MID) Braves : RHP Jeremy Kasten
|
|
Batting: RHB Mike Hanks
|
0-0: Swinging Strike 0-1: Foul Ball, location: 2F 0-2: Ball 1-2: Ball 2-2: Strikes out swinging
|
|
Batting: RHB Jim Freels
|
0-0: Ball 1-0: Foul Ball, location: 2F 1-1: Ball 2-1: Foul Ball, location: 2F 2-2: Strikes out swinging
|
|
Batting: RHB Brian Bonin
|
0-0: Ground out 6-3 (Groundball, 6, EV 90.0 MPH)
|
| Top of the 4th over - 0 runs, 0 hits, 0 errors, 0 left on base; Binghamton 1 - Atlanta (MID) 2 |
| BOTTOM OF THE 4TH |
|
Atlanta (MID) Braves batting - Pitching for Binghamton Mets : RHP Felipe Hinojosa
|
|
Batting: RHB Jose Ramos
|
0-0: Swinging Strike 0-1: Called Strike 0-2: Foul Ball, location: 2F 0-2: Ground out 5-3 (Groundball, 56, EV 99.4 MPH)
|
|
Batting: RHB Josh McCormick
|
0-0: Ball 1-0: SOLO HOME RUN (Flyball, 78XD, EV 99.4 MPH), Distance : 413 ft
|
|
Batting: RHB Toki Takeuchi
|
0-0: Ball 1-0: Ball 2-0: Called Strike 2-1: Swinging Strike 2-2: Ball 3-2: Base on Balls
|
|
Pitching: LHP Ken Dewey
|
|
|
Batting: RHB Badr al Din Ridha
|
0-0: Ball Toki Takeuchi steals 2nd base (no throw) 1-0: Called Strike Balk! Toki Takeuchi to third 1-1: Swinging Strike 1-2: Ball 2-2: Ball 3-2: Foul Ball, location: 2F 3-2: Base on Balls
|
|
Batting: RHB Ingidayehu Lagat
|
0-0: Swinging Strike 0-1: Ball 1-1: Swinging Strike 1-2: Strikes out swinging
|
|
Batting: SHB Ian Arlotta
|
0-0: Ball Badr al Din Ridha steals 2nd base 1-0: Ground out 6-3 (Groundball, 6, EV 90.6 MPH)
|
| Bottom of the 4th over - 1 run, 1 hit, 0 errors, 2 left on base; Binghamton 1 - Atlanta (MID) 3 |
| TOP OF THE 5TH |
|
Binghamton Mets batting - Pitching for Atlanta (MID) Braves : RHP Jeremy Kasten
|
|
Batting: RHB Oscar Bravo
|
0-0: Ball 1-0: Ball 2-0: Called Strike 2-1: Swinging Strike 2-2: Ground out 6-3 (Groundball, 56, EV 105.0 MPH)
|
|
Batting: RHB Jack Nickleberry
|
0-0: Called Strike 0-1: Ball 1-1: Ground out 4-3 (Groundball, 4, EV 78.8 MPH)
|
|
Batting: RHB Jose Lara
|
0-0: Foul Ball, location: 2F 0-1: SINGLE (Line Drive, 78M, EV 109.4 MPH)
|
|
Batting: SHB Masatoshi Akahoshi
|
0-0: Called Strike 0-1: Ball 1-1: Called Strike 1-2: Foul Ball, location: 2F 1-2: Ball 2-2: Strikes out swinging
|
| Top of the 5th over - 0 runs, 1 hit, 0 errors, 1 left on base; Binghamton 1 - Atlanta (MID) 3 |
| BOTTOM OF THE 5TH |
|
Atlanta (MID) Braves batting - Pitching for Binghamton Mets : LHP Ken Dewey
|
|
Batting: RHB Joe Young
|
0-0: SINGLE (Line Drive, 9S, EV 103.1 MPH)
|
|
Batting: LHB Erik Gretzky
|
0-0: Ball 1-0: Ground out 6-3 (Groundball, 6, EV 81.9 MPH) Joe Young to second
|
|
Batting: LHB Ben Goldstein
|
0-0: Ball 1-0: Fly out, F7 (Flyball, 78D, EV 93.8 MPH) Runner from 2nd tags up, SAFE at 3rd with throw by LF
|
|
Batting: RHB Jose Ramos
|
0-0: Ball 1-0: Foul Ball, location: 2F 1-1: Ball 2-1: Ball 3-1: TRIPLE (Line Drive, 9D, EV 106.9 MPH) Joe Young scores
|
|
Batting: RHB Josh McCormick
|
0-0: Called Strike 0-1: Ball 1-1: Ball 2-1: SINGLE (Groundball, 34D, EV 94.4 MPH) Jose Ramos scores
|
|
Batting: RHB Toki Takeuchi
|
0-0: Ball 1-0: Foul Ball, location: 2F 1-1: Fly out, F5 (Line Drive, 5, EV 65.0 MPH)
|
| Bottom of the 5th over - 2 runs, 3 hits, 0 errors, 1 left on base; Binghamton 1 - Atlanta (MID) 5 |
| TOP OF THE 6TH |
|
Binghamton Mets batting - Pitching for Atlanta (MID) Braves : RHP Jeremy Kasten
|
|
Batting: SHB Alex Cavazos
|
0-0: Ball 1-0: Foul Ball, location: 2F 1-1: Fly out, F8 (Flyball, 89D, EV 95.0 MPH)
|
|
Batting: RHB Chris Artz
|
0-0: Fly out, F3 (Popup, 3S, EV 77.5 MPH)
|
|
Batting: RHB Mike Hanks
|
0-0: Called Strike 0-1: Foul Ball, location: 2F 0-2: Ground out 4-3 (Groundball, 4, EV 88.1 MPH)
|
| Top of the 6th over - 0 runs, 0 hits, 0 errors, 0 left on base; Binghamton 1 - Atlanta (MID) 5 |
| BOTTOM OF THE 6TH |
|
Atlanta (MID) Braves batting - Pitching for Binghamton Mets : LHP Ken Dewey
|
|
Batting: RHB Badr al Din Ridha
|
0-0: Ball 1-0: Foul Ball, location: 2F 1-1: Foul Ball, location: 2F 1-2: TRIPLE (Line Drive, 8LXD, EV 102.5 MPH)
|
|
Batting: RHB Ingidayehu Lagat
|
0-0: Called Strike 0-1: Swinging Strike 0-2: Strikes out swinging, 2-3 out at first.
|
|
Batting: SHB Ian Arlotta
|
0-0: Ball 1-0: Ball 2-0: SINGLE (Groundball, 4M, EV 109.4 MPH) Badr al Din Ridha scores
|
|
Pitching: RHP Jason Horvath
|
|
|
Batting: RHB Joe Young
|
0-0: Called Strike 0-1: Ball Ian Arlotta steals 2nd base 1-1: Fly out, F9 (Flyball, 89M, EV 97.5 MPH) Runner from 2nd tags up, SAFE at 3rd with throw by RF
|
|
Batting: LHB Erik Gretzky
|
0-0: Ball 1-0: Swinging Strike 1-1: Ball 2-1: Swinging Strike 2-2: Ball 3-2: Foul Ball, location: 2F 3-2: Foul Ball, location: 2F 3-2: Base on Balls
|
|
Batting: LHB Ben Goldstein
|
0-0: Called Strike 0-1: Ball 1-1: Ball 2-1: Fly out, F8 (Line Drive, 78S, EV 96.9 MPH)
|
| Bottom of the 6th over - 1 run, 2 hits, 0 errors, 2 left on base; Binghamton 1 - Atlanta (MID) 6 |
| TOP OF THE 7TH |
|
Binghamton Mets batting - Pitching for Atlanta (MID) Braves : RHP Jeremy Kasten
|
|
Batting: RHB Jim Freels
|
0-0: Called Strike 0-1: Swinging Strike 0-2: Strikes out looking
|
|
Batting: RHB Brian Bonin
|
0-0: Ball 1-0: Called Strike 1-1: Called Strike 1-2: Strikes out swinging, 2-3 out at first.
|
|
Batting: RHB Oscar Bravo
|
0-0: Called Strike 0-1: Fly out, F8 (Flyball, 78M, EV 89.4 MPH)
|
| Top of the 7th over - 0 runs, 0 hits, 0 errors, 0 left on base; Binghamton 1 - Atlanta (MID) 6 |
| BOTTOM OF THE 7TH |
|
Atlanta (MID) Braves batting - Pitching for Binghamton Mets : RHP Jason Horvath
|
|
Batting: RHB Jose Ramos
|
0-0: Called Strike 0-1: Ball 1-1: Foul Ball, location: 2F 1-2: Ball 2-2: Ball 3-2: SINGLE (Line Drive, 78S, EV 94.4 MPH)
|
|
Batting: RHB Josh McCormick
|
0-0: Called Strike 0-1: Ball 1-1: Swinging Strike 1-2: Strikes out swinging Jose Ramos steals 2nd, throwing error, E2 Jose Ramos to third
|
|
Batting: RHB Toki Takeuchi
|
0-0: Ball 1-0: Ball 2-0: Called Strike 2-1: Ground out 6-3 (Groundball, 56, EV 108.1 MPH) Jose Ramos scores
|
|
Batting: RHB Badr al Din Ridha
|
0-0: Ball 1-0: Ball 2-0: Ball 3-0: Base on Balls
|
|
Batting: RHB Ingidayehu Lagat
|
0-0: Ball 1-0: Called Strike 1-1: Foul Ball, location: 2F 1-2: Ground out 6-3 (Groundball, 6M, EV 103.1 MPH)
|
| Bottom of the 7th over - 1 run, 1 hit, 1 error, 1 left on base; Binghamton 1 - Atlanta (MID) 7 |
| TOP OF THE 8TH |
|
Binghamton Mets batting - Pitching for Atlanta (MID) Braves : RHP Jeremy Kasten
|
|
Batting: RHB Jack Nickleberry
|
0-0: Called Strike 0-1: Ball 1-1: Ball 2-1: Foul Ball, location: 2F 2-2: Fly out, F9 (Flyball, 9, EV 89.4 MPH)
|
|
Batting: RHB Jose Lara
|
0-0: Called Strike 0-1: Foul Ball, location: 2F 0-2: Foul Ball, location: 2F 0-2: DOUBLE (Groundball, 5L, EV 103.1 MPH)
|
|
Pitching: RHP Ruben Valle
|
|
|
Batting: SHB Masatoshi Akahoshi
|
0-0: Fly out, F7 (Flyball, 7, EV 85.0 MPH)
|
|
Batting: SHB Alex Cavazos
|
0-0: Ball 1-0: Swinging Strike 1-1: Ground out U3 (Groundball, 34, EV 93.8 MPH)
|
| Top of the 8th over - 0 runs, 1 hit, 0 errors, 1 left on base; Binghamton 1 - Atlanta (MID) 7 |
| BOTTOM OF THE 8TH |
|
Atlanta (MID) Braves batting - Pitching for Binghamton Mets : RHP Jason Horvath
|
|
Batting: SHB Ian Arlotta
|
0-0: Called Strike 0-1: Ball 1-1: Ball 2-1: Called Strike 2-2: Strikes out looking
|
|
Pitching: RHP Jean-Pierre Carpentier
|
|
|
Batting: RHB Joe Young
|
0-0: Ball 1-0: Fly out, F9 (Flyball, 89M, EV 74.4 MPH)
|
|
Batting: LHB Erik Gretzky
|
0-0: Called Strike 0-1: Ball 1-1: Ball 2-1: Ball 3-1: Base on Balls
|
|
Batting: LHB Ben Goldstein
|
0-0: Called Strike Erik Gretzky steals 2nd base 0-1: DOUBLE (Groundball, 3L, EV 107.5 MPH) Erik Gretzky scores
|
|
Batting: RHB Jose Ramos
|
0-0: Called Strike 0-1: Ball 1-1: Foul Ball, location: 2F 1-2: Ball 2-2: Foul Ball, location: 2F 2-2: Foul Ball, location: 2F 2-2: Strikes out swinging
|
| Bottom of the 8th over - 1 run, 1 hit, 0 errors, 1 left on base; Binghamton 1 - Atlanta (MID) 8 |
| TOP OF THE 9TH |
|
Binghamton Mets batting - Pitching for Atlanta (MID) Braves : RHP Ruben Valle
|
|
Pinch Hitting: RHB Michael Youngberry
|
0-0: Ground out U3 (Groundball, 34, EV 82.5 MPH)
|
|
Batting: RHB Mike Hanks
|
0-0: Called Strike 0-1: Ball 1-1: Ball 2-1: Swinging Strike 2-2: Fly out, F6 (Popup, 6, EV 76.9 MPH)
|
|
Batting: RHB Jim Freels
|
0-0: Ball 1-0: SINGLE (Line Drive, 89S, EV 95.0 MPH)
|
|
Batting: RHB Brian Bonin
|
0-0: Ball 1-0: Ball 2-0: Ball 3-0: Called Strike 3-1: Ground out 1-3 (Groundball, 13S, EV 67.5 MPH)
|
| Top of the 9th over - 0 runs, 1 hit, 0 errors, 1 left on base; Binghamton 1 - Atlanta (MID) 8 |
|